 Dungeon Crawl Stone Soup version 0.29-a0-474-gdfe5cd140f (webtiles) character file.

Game seed: 14193034394055010843

14 Infinimo the Cudgeller (level 2, 0/22 HPs)
             Began as a Demonspawn Gladiator on May 24, 2022.
             Slain by a kobold
             ... wielding a +0 short sword
              (4 damage)
             ... on level 1 of the Dungeon.
             The game lasted 00:00:53 (549 turns).

Infinimo the Cudgeller (Demonspawn Gladiator)        Turns: 549, Time: 00:00:54

Health: 0/22       AC:  3    Str: 14    XL:     2   Next: 31%
Magic:  2/2        EV: 12    Int:  9    God:
Gold:   21         SH:  4    Dex: 14    Spells: 2/2 levels left

rFire   . . .      SeeInvis .   f - +1 dagger (elec)
rCold   . . .      Faith    .   (no shield)
rNeg    . . .      Spirit   .   b - +0 leather armour
rPois   .          Reflect  .   (helmet restricted)
rElec   .          Harm     .   (no cloak)
rCorr   .          Rampage  .   (no gloves)
Will    .....                   (no boots)
Stlth   +.........              (no amulet)
HPRegen 0.07/turn               (no ring)
MPRegen 0.08/turn               (no ring)

@: attractive
A: claws 1, horns 1, large bone plates 1, sense surroundings 1
a: no special abilities


You were on level 1 of the Dungeon.
You visited 1 branch of the dungeon, and saw 1 of its levels.

You collected 21 gold pieces.

Inventory:

Hand Weapons
 a - a +0 flail
 f - a +1 dagger of electrocution (weapon)
Missiles
 d - 3 throwing nets (quivered)
 e - a javelin
Armour
 b - a +0 leather armour (worn)
 c - a +0 helmet
Scrolls
 g - a scroll of poison {unknown}
 h - a scroll of teleportation {unknown}


   Skills:
 + Level 2.2 Fighting
 - Level 2.9 Maces & Flails
 - Level 1.7 Throwing
 + Level 2.8 Dodging
 * Level 0.1 Unarmed Combat
 + Level 0.5 Spellcasting


You had 2 spell levels left.
You didn't know any spells.
Your spell library contained the following spells:

 Spells                   Type           Power      Damage    Failure   Level
 Summon Small Mammal      Summ           0%         N/A       45%         1
 Call Canine Familiar     Summ           0%         N/A       83%         3
 Summon Guardian Golem    Hex/Summ       0%         N/A       83%         3


Dungeon Overview and Level Annotations

Branches:
Dungeon (1/15)

Altars:


Innate Abilities, Weirdness & Mutations

You have sharp fingernails.
You have a pair of small horns on your head.
You are partially covered in large bone plates. (SH +4)
You passively map a small area around you.


Message History

The goblin is severely wounded.
The goblin is severely wounded.
A kobold comes into view. It is wielding a +0 short sword.
You kill the goblin!
A bat comes into view.
The bat moves out of view.
The kobold hits you with a +0 whip.
The kobold is moderately wounded.
The kobold hits you with a +0 whip.
You kill the kobold!
The frilled lizard bites you.
You are too injured to fight recklessly!
You are too injured to fight recklessly!
You are too injured to fight recklessly!
The kobold hits you with a +0 short sword.
The frilled lizard bites you.
* * * LOW HITPOINT WARNING * * *
The frilled lizard attacks as you move away!
The frilled lizard bites you.
* * * LOW HITPOINT WARNING * * *
The kobold attacks as you move away! The bat attacks as you move away!
It was a potion of mutation.
You feel extremely strange.
You feel a strange attunement to the structure of the dungeons.
Large bone plates grow over parts of your arms.
A pair of horns grows on your head!
Your +0 helmet falls away!
It was a potion of attraction.
You feel attractive to monsters. You block the frilled lizard's attack.
The frilled lizard is heavily wounded.
The frilled lizard bites you.
* * * LOW HITPOINT WARNING * * *
The frilled lizard is heavily wounded.
The frilled lizard is heavily wounded.
The frilled lizard is heavily wounded.
You kill the frilled lizard!
You headbutt the kobold, but do no damage.
The kobold hits you with a +0 short sword.
You die...

#####..###### * .....####
#.....##≈≈≈≈≈ ,........#
#....###≈#≈≈≈
.#....>....####....# ##≈≈ *
##..................## ##≈
............####.....#######
,
.)..........####.........##≈
...............#.........##.
, ........#
#@##...........##. *
......).###K####......#####≈
.....#..K#J.#####....####..
*
.....##....................
...............##..####.##.
..................#####.##≈
............#.#.........#.≈
*
............#.#.#..#.......
*.....[.....)..#[...#.#####.


You could see an endoplasm and a kobold.

Vanquished Creatures
  A dart slug (D:1)
  4 ball pythons (D:1)
  An endoplasm (D:1)
  A goblin (D:1)
  A frilled lizard (D:1)
  4 kobolds (D:1)
  A rat (D:1)
13 creatures vanquished.

Notes
Turn   | Place    | Note
-------+----------+-------------------------------------------
     0 | D:1      | Infinimo the Demonspawn Gladiator began the quest for the
                  | Orb.
     0 | D:1      | Reached XP level 1. HP: 16/16 MP: 1/1
   410 | D:1      | Gained mutation: You have sharp fingernails. [demonic
                  | ancestry]
   410 | D:1      | Reached XP level 2. HP: 22/22 MP: 2/2
   541 | D:1      | Gained mutation: You passively map a small area around you.
                  | [potion of mutation]
   541 | D:1      | Gained mutation: You are partially covered in large bone
                  | plates. (SH +4) [potion of mutation]
   541 | D:1      | Gained mutation: You have a pair of small horns on your
                  | head. [potion of mutation]
   549 | D:1      | Slain by a kobold

Illustrated notes

Levels and vault maps discovered:
D:1:      dpeg_arrival_short_road, layout_rooms, chequers_serial_rivers_large_a,
          minmay_heptomino_d4

Action                   || total
-------------------------++-------
Melee: Flail             ||    10
       Dagger            ||    33
       Punch             ||     1
       Headbutt          ||     1
  Use: Potion            ||     2
Armor: Leather armour    ||    19
Dodge: Dodged            ||    32
Block: Other             ||     1

Table legend: (Time is in decaauts)
 A = Elapsed time spent in this place.
 B = Non-inter-level travel time spent in this place.
 C = Inter-level travel time spent in this place.
 D = Time resting spent in this place.
 E = Time spent auto-exploring this place.
 F = Levels seen in this place.
 G = Mean time per level.
                   A        B        C        D        E       F      G
               +--------+--------+--------+--------+--------+-----+--------+
         Total |    554 |    554 |      0 |      0 |    452 |   1 |  554.0 |
       Dungeon |    554 |    554 |      0 |      0 |    452 |   1 |  554.0 |
               +--------+--------+--------+--------+--------+-----+--------+

Top non-repeatable levels by time:
     D:1: 554 daAuts
